 Dungeon Crawl Stone Soup version 0.28-a0-653-g7e9dba17c3 (webtiles) character file.

Game seed: 2428074523539607040

2 ytrimaz the Skirmisher (level 1, 20/20 HPs)
             Began as a Minotaur Abyssal Knight on Oct 11, 2021.
             Was an Initiate of Lugonu.
             Quit the game on level 1 of the Dungeon.
             The game lasted 00:00:32 (392 turns).

ytrimaz the Skirmisher (Minotaur Abyssal Knight)     Turns: 392, Time: 00:00:32

Health: 20/20      AC:  3    Str: 17    XL:     1   Next: 25%
Magic:  1/1        EV: 11    Int:  7    God:    Lugonu [......]
Gold:   21         SH:  0    Dex: 10    Spells: 0/0 levels left

rFire   . . .      SeeInvis .   a - +1 hand axe
rCold   . . .      Faith    .   (no shield)
rNeg    . . .      Spirit   .   b - +0 leather armour
rPois   .          Reflect  .   (helmet restricted)
rElec   .          Harm     .   (no cloak)
rCorr   .          Rampage  .   (no gloves)
Will    .....                   (no boots)
Stlth   +.........              (no amulet)
HPRegen 0.06/turn               (no ring)
MPRegen 0.07/turn               (no ring)

@: no status effects
A: horns 2, retaliatory headbutt
a: Renounce Religion


You were on level 1 of the Dungeon.
You worshipped Lugonu.
Lugonu was noncommittal.
You visited 1 branch of the dungeon, and saw 1 of its levels.
You visited the Abyss 1 time.

You collected 21 gold pieces.

Inventory:

Hand Weapons
 a - a +1 hand axe (weapon)
Armour
 b - a +0 leather armour (worn)


   Skills:
 + Level 3.7 Fighting
 + Level 2.4 Axes
 + Level 2.6 Armour
 + Level 1.1 Dodging
 + Level 1.7 Invocations


You couldn't memorise any spells.
You didn't know any spells.
Your spell library was empty.

Dungeon Overview and Level Annotations

Branches:
Dungeon (1/15)

Altars:


Innate Abilities, Weirdness & Mutations

You have a pair of horns on your head.
You reflexively headbutt those who attack you in melee.


Message History

There is a staircase leading out of the dungeon here.
You open the door.
There is an open door here.
You open the door.
There is an open door here.
You open the door.
There is an open door here.
A goblin comes into view. It is wielding a +0 dagger.
The goblin shouts!
A goblin is nearby!
The goblin hits you with a +0 dagger.
You barely miss the goblin. You headbutt the goblin.
You kill the goblin!
Lugonu accepts your kill.
You see here a +0 dagger.
A bat comes into view.
The bat moves out of view.
HP restored.
A bat is nearby!
A bat is nearby!
Unknown command.
The bat closely misses you.
You hit the bat.
The bat is severely wounded.
The bat barely misses you. The bat closely misses you.
The bat hits you but does no damage. The bat hits you but does no damage.
The bat barely misses you. The bat hits you but does no damage.
You hit the bat.
You kill the bat!
Lugonu accepts your kill.
You see here a bat corpse.
As you read the scroll labelled IHIHEXZAIB, it crumbles to dust.
You speak a Word of immense power!
It was a scroll of holy word.
Unknown command.
You aren't carrying any scrolls.
It was a potion of heal wounds.
You feel much better.
It was a potion of magic.
Magic courses through your body.
Are you sure you want to abandon this character and quit the game? (Confirm with "yes".)

### ..## ##.## ######
##.# ..... #.# ### ...#
#.## #.. ..# ####.# #.#
#+#.# .§§#.# #.# ##.#.#
.≈§#.# #.###.†@.#
..≈#.### #.##..#..#
..≈#...# #.##.....#######
..≈#.#.###.##............
.≈≈#.#..........).#######
.≈§#.#####........#
####.# ######.### .## #.#
. #.#


There were no monsters in sight!

Vanquished Creatures
  A goblin (D:1)
  A bat (D:1)
2 creatures vanquished.

Notes
Turn   | Place    | Note
-------+----------+-------------------------------------------
     0 | Abyss:1  | ytrimaz the Minotaur Abyssal Knight began the quest for the
                  | Orb.
     0 | Abyss:1  | Reached XP level 1. HP: 19/19 MP: 1/1
   124 | Abyss:1  | Noticed an ancient zyme
   129 | D:1      | Escaped the Abyss
   392 | D:1      | Quit the game

Illustrated notes

Levels and vault maps discovered:
D:1:      dpeg_arrival_yet_another_circle, layout_loops_corners,
          shapermc_ecumenical_altar_flowoftime

Action                   || total
-------------------------++-------
Melee: Hand axe          ||     3
       Headbutt          ||     1
Invok: Depart the Abyss  ||     1
  Use: Potion            ||     2
       Scroll            ||     1
Armor: Leather armour    ||     3
Dodge: Dodged            ||     4

Table legend: (Time is in decaauts)
 A = Elapsed time spent in this place.
 B = Non-inter-level travel time spent in this place.
 C = Inter-level travel time spent in this place.
 D = Time resting spent in this place.
 E = Time spent auto-exploring this place.
 F = Levels seen in this place.
 G = Mean time per level.
                   A        B        C        D        E       F      G
               +--------+--------+--------+--------+--------+-----+--------+
         Total |    392 |    392 |      0 |    193 |    164 |   2 |  196.0 |
       Dungeon |    263 |    263 |      0 |    193 |     48 |   1 |  263.0 |
         Abyss |    129 |    129 |      0 |      0 |    116 |   1 |  129.0 |
               +--------+--------+--------+--------+--------+-----+--------+

Top non-repeatable levels by time:
     D:1: 263 daAuts
 Abyss:1: 129 daAuts
